[Event "III Menorca Open-A 2024"]
[Site "Ciutadella Menorca"]
[Date "2024.04.04"]
[Round "5.19"]
[White "Kalogeris, Ioannis"]
[Black "Stremavicius, Titas"]
[Result "1/2-1/2"]
[ECO "B30"]
[WhiteElo "2427"]
[BlackElo "2540"]
[Annotator "TA"]
[PlyCount "57"]
[EventDate "2024.04.02"]
[EventType "swiss"]
[EventCountry "ESP"]
[SourceTitle "playchess.com"]
[Source "ChessBase"]
[SourceQuality "1"]
[TimeControl "5400+30"]

1. e4 c5 2. Nf3 Nc6 3. Nc3 Nf6 4. Bb5 g6 5. e5 Nh5 6. Bxc6 dxc6 7. h3 {[%emt 0:00:29] Inhibits Bg4.} Ng7 8. Ne4 Ne6 9. b3 Bg7 10. Bb2 b6 11. d3 a5 12. a4 f5 13. Neg5 Nd4 14. h4 Qc7 15. Kf1 (15. O-O $14) 15... h6 $15 ({Much weaker is} 15... Bxe5 $6 16. Nxe5 Qxe5 17. c3 $14) 16. Nh3 Bxe5 17. Nxe5 Qxe5 18. c3 Ne6 19. Qd2 {[%emt 0:04:42] [#]} g5 20. Re1 $11 Qf6 21. c4 Nd4 22. Bxd4 cxd4 23. f4 ({White should play} 23. f3 $1 $15) 23... gxf4 ({Much less strong is} 23... gxh4 24. Ng1 $15) (23... g4 $17 24. Ng1 c5) 24. Nxf4 Bd7 25. Qe2 (25. h5 $14) 25... Rg8 26. Kf2 Kf7 27. Qe5 (27. h5 $5 ) 27... Qxe5 28. Rxe5 e6 29. Rhe1 {[%emt 0:00:19] Weighted Error Value: White=0.24 (precise) /Black=0.19 (very precise) .  Mistake:       	White=3     	Black=2      Inaccurate:     	White=2     	Black=2      OK:         	White=10    	Black=9      Best:        	---       	Black=2} 1/2-1/2

[Event "III Menorca Open-A 2024"]
[Site "Ciutadella Menorca"]
[Date "2024.04.04"]
[Round "5.20"]
[White "Raja Rithvik R"]
[Black "De Winter, Arthur"]
[Result "1-0"]
[ECO "D27"]
[WhiteElo "2532"]
[BlackElo "2413"]
[Annotator "TA"]
[PlyCount "123"]
[EventDate "2024.04.02"]
[EventType "swiss"]
[EventCountry "ESP"]
[SourceTitle "playchess.com"]
[Source "ChessBase"]
[SourceQuality "1"]
[TimeControl "5400+30"]

1. d4 d5 2. c4 dxc4 3. Nf3 Nf6 4. e3 e6 5. Bxc4 c5 6. O-O a6 7. Nbd2 cxd4 {[%emt 0:00:13] The main line 7...cxd4 scores better than 7...Nc6. D27: Queen's Gambit Accepted: Classical main line: 7 e4!? and 7 a4.} 8. Nxd4 Bc5 9. Bd3 O-O 10. Ne4 Nxe4 11. Bxe4 Nd7 $146 ({Predecessor:} 11... Qe7 12. Qc2 f5 13. Bd3 Bxd4 14. exd4 Nc6 15. Bf4 Nxd4 16. Qc3 Nc6 17. Bc4 Qf6 {0-1 Bharath,S (2504)-Tiglon,B (2485) Sitges Sunway op 10th 2023 (7)}) 12. Nb3 Be7 13. Bd2 Nf6 14. Bf3 Rb8 15. Bc3 Bd6 16. Qd2 Nd5 17. Bxd5 exd5 18. Bb4 (18. Qd4 {seems wilder.} Qg5 19. f4 Qh6 20. Rf3) 18... Be6 19. Rac1 Re8 20. Bxd6 Qxd6 21. Rc3 b6 22. Rfc1 Rbc8 23. h3 h6 24. Qd3 a5 25. Nd4 Bd7 26. Ne2 Rxc3 27. Nxc3 (27. Qxc3 Rc8 28. Qd2 Rxc1+ 29. Qxc1 b5 $11) 27... Be6 28. Rd1 Qb4 29. Qe2 (29. Nxd5 Bxd5 30. Qxd5 Qxb2 $11) 29... Qc5 30. Rd4 Rc8 31. a3 Kf8 32. Qd2 Qc7 33. f4 (33. Nxd5 Qc1+ 34. Kh2 Qxd2 35. Rxd2 Rd8 $17) 33... Qc6 34. Kh2 ({Don't do} 34. Nxd5 Qc1+ 35. Qxc1 Rxc1+ 36. Kh2 Rb1 $14) 34... Kg8 35. Nxd5 Bxd5 36. Rxd5 Kh7 37. Qd3+ Kg8 38. Rd6 Qc5 39. Rd7 Qc6 40. Qd4 Qc5 41. Qe4 Qb5 (41... Rf8 $16 {might work better.} 42. Rd5 Qc7) 42. Qd4 Qc5 $1 43. Qxc5 Rxc5 44. Rd2 (44. Rd8+ $16 Kh7 45. Rd3) 44... Kf8 45. g4 Ke7 46. Kg3 Ke6 (46... Rb5 $142) 47. Kf3 g6 48. Rd4 Rc2 49. b4 Ra2 (49... Rh2 $142) 50. bxa5 $16 Rxa3 (50... bxa5 $16 51. Re4+ Kf6) 51. axb6 $18 Rb3 {[%emt 0:00:02] [#]} 52. Rd8 $1 Rxb6 53. Rh8 Kf6 $2 (53... h5 54. gxh5 Rb5 55. hxg6 fxg6) 54. Rxh6 $18 Kg7 55. g5 Rb2 56. h4 Rh2 57. e4 Rh1 58. e5 Rf1+ 59. Kg3 Rg1+ {[%emt 0:00:08] [#]} 60. Kf2 $1 Rh1 61. Kg2 (61. h5 $142 Rh2+ 62. Kf3 Rh3+ 63. Ke4 (63. Kg4 Rd3 $18)) 61... Rd1 62. h5 1-0

[Event "III Menorca Open-A 2024"]
[Site "Ciutadella Menorca"]
[Date "2024.04.04"]
[Round "5.21"]
[White "Vogel, Roven"]
[Black "Oro, Faustino"]
[Result "1-0"]
[ECO "E43"]
[WhiteElo "2528"]
[BlackElo "2330"]
[Annotator "TA"]
[PlyCount "61"]
[EventDate "2024.04.02"]
[EventType "swiss"]
[EventCountry "ESP"]
[SourceTitle "playchess.com"]
[Source "ChessBase"]
[SourceQuality "1"]
[TimeControl "5400+30"]

1. d4 e6 2. c4 b6 3. Nc3 Bb4 4. Bd2 Nf6 5. Nf3 Bb7 6. e3 O-O 7. Bd3 c5 8. a3 Bxc3 9. Bxc3 cxd4 10. Nxd4 Nc6 (10... d5 $11) 11. Nxc6 $14 Bxc6 {[%emt 0:00:24] White is slightly better.} 12. e4 d6 (12... Bxe4 $2 13. Bxf6 Qxf6 14. Bxe4 $18) (12... Nxe4 $2 13. Bxe4 Bxe4 14. Qd4 $18) 13. O-O e5 (13... Nxe4 $2 {is the wrong capture.} 14. Bxe4 Bxe4 15. Qd4 $18) 14. Qe2 Qe7 15. b4 Rac8 16. a4 Qb7 (16... a5 $11) 17. f3 a5 18. c5 {[%emt 0:11:00] aiming for b5.} bxc5 ({Black should try} 18... axb4 $14 19. Ba6 Qd7 20. Bxc8 (20. Bxb4 dxc5 21. Rfd1 Qe8 $16) 20... Rxc8 21. Bxb4 bxc5) 19. b5 Bd7 {[%emt 0:00:40] [#] This move loses the game for Black.} (19... Qb6 $16) 20. Bc4 $1 $18 {[%emt 0:00:10][%mdl 1024] White has strong compensation.} ({Inferior is} 20. Bxa5 c4 21. Bxc4 Qa7+ 22. Kh1 Qxa5 $17) 20... Qb6 21. Qd2 $36 {[%emt 0:01:36][%mdl 2048] White has strong initiative.} Ra8 {[%emt 0:00:06] [#]} (21... Be6 {was worth a try.}) 22. Rad1 $1 Ne8 23. f4 Be6 24. Bxe6 fxe6 25. fxe5 Rxf1+ 26. Rxf1 dxe5 27. Bxe5 c4+ 28. Bd4 Qd8 29. Qf2 Nd6 $2 {[%emt 0:00:25] Black is weak on the dark squares} (29... Nf6 {might work better.} 30. e5 (30. Bxf6 gxf6 31. Qg3+ Kf7 $16) 30... Ne4) 30. Be5 Qe7 31. Qc5 {[%emt 0:01:29] Weighted Error Value: White=0.12 (very precise) /Black=0.50.  Mistake:       	---       	Black=6      Inaccurate:     	White=2     	Black=1      OK:         	White=8     	Black=4      Best:        	White=2     	---        Strong:       	White=1     	---} 1-0

[Event "III Menorca Open-A 2024"]
[Site "Ciutadella Menorca"]
[Date "2024.04.04"]
[Round "5.22"]
[White "Cramling Bellon, Anna"]
[Black "Mohamed Anees M"]
[Result "1/2-1/2"]
[ECO "D31"]
[WhiteElo "2115"]
[BlackElo "2253"]
[Annotator "RC"]
[PlyCount "77"]
[EventDate "2024.04.02"]
[EventType "swiss"]
[EventCountry "ESP"]
[SourceTitle "playchess.com"]
[Source "ChessBase"]
[SourceQuality "1"]
[TimeControl "5400+30"]

1. d4 d5 2. c4 e6 3. Nc3 a6 4. c5 b6 5. cxb6 cxb6 6. Bf4 Bb7 7. e3 Nf6 8. Bd3 Bd6 9. Nge2 O-O 10. O-O b5 11. Rc1 Qe7 12. Bb1 Nbd7 13. Ng3 Bxf4 14. exf4 g6 15. Re1 Qd6 16. Qd2 Rfe8 17. h4 Nb6 18. f5 exf5 19. Qg5 Kh8 20. Bxf5 b4 21. Nb1 Ne4 22. Bxe4 dxe4 23. Nd2 Qxd4 24. Ndxe4 Bxe4 25. Nxe4 Re6 26. Nc5 Rxe1+ 27. Rxe1 Kg8 28. h5 Qxb2 29. Ne4 Qd4 30. Nf6+ Kg7 31. Ne8+ Kg8 32. Nf6+ Kg7 33. Ne8+ Kg8 34. Nf6+ Kg7 35. h6+ Kh8 36. g3 Rf8 37. Re5 Nc4 38. Nd7 Nb6 39. Nf6 1/2-1/2

[Event "III Menorca Open-A 2024"]
[Site "Ciutadella Menorca"]
[Date "2024.04.05"]
[Round "6.1"]
[White "Aryan Chopra"]
[Black "Nihal Sarin"]
[Result "1-0"]
[ECO "B90"]
[WhiteElo "2630"]
[BlackElo "2698"]
[Annotator "ChessBase"]
[PlyCount "271"]
[EventDate "2024.04.02"]
[EventType "swiss"]
[EventCountry "ESP"]
[SourceTitle "playchess.com"]
[Source "ChessBase"]
[SourceQuality "1"]
[TimeControl "5400+30"]

1. e4 c5 2. Nf3 d6 3. d4 cxd4 4. Nxd4 Nf6 5. Nc3 a6 6. Be3 e5 7. Nb3 Be7 8. f3 h5 9. Qd2 Nbd7 10. Be2 Nb6 11. O-O-O Be6 12. h3 h4 13. f4 Qc7 14. Kb1 O-O-O 15. Bxb6 Qxb6 16. f5 Bd7 17. Bc4 Bc6 18. Rhe1 Rhf8 19. Nd5 Bxd5 20. Bxd5 Kb8 21. Na5 Rd7 22. Nc4 Qc5 23. Ne3 Nh5 24. Qe2 Nf4 25. Qg4 Bf6 26. Bb3 Rfd8 27. Nd5 Ka7 28. Rd2 Nxd5 29. Bxd5 Rc7 30. c3 Qb6 31. Ka1 Rdd7 32. Qd1 Kb8 33. a3 Rc8 34. Ka2 Rh8 35. Qa4 Rc7 36. Ree2 Ka7 37. Rd3 Rhc8 38. Qd1 Bg5 39. Bb3 Rd8 40. a4 Rdd7 41. Rc2 Rc5 42. Qh5 Bf6 43. Rcd2 Qc6 44. Rd5 Rxd5 45. Rxd5 Qb6 46. Qe2 Kb8 47. a5 Qc6 48. Ka3 Rd8 49. Qd3 Rc8 50. Ka2 Rd8 51. Bd1 Rd7 52. Kb1 Kc8 53. Bb3 Kb8 54. Qd1 Rd8 55. Kc2 Kc8 56. Qa1 Qc7 57. Qa3 Kd7 58. Qb4 Ke7 59. Rd1 Kf8 60. Bd5 Rb8 61. Ra1 Bd8 62. Qc4 Qxc4 63. Bxc4 Ke7 64. Bd5 Kf6 65. Kd3 Kg5 66. Bxf7 Kf4 67. b4 Kg3 68. Ra2 b6 69. axb6 Bxb6 70. Rxa6 Kxg2 71. Be6 d5 72. c4 dxc4+ 73. Kxc4 Kf3 74. f6 gxf6 75. Bf5 Rb7 76. b5 Rc7+ 77. Kd5 Bd4 78. b6 Rc5+ 79. Kd6 Rb5 80. Kc7 Rc5+ 81. Kb8 Rc6 82. Kb7 Rd6 83. Ra3+ Kf4 84. Rb3 Bc5 85. Rb5 Ba3 86. Kc8 Rd4 87. b7 Bd6 88. Rc5 Bxc5 89. b8=Q Bb4 90. Qb6 Be1 91. Qxf6 Bg3 92. Bg4+ Ke3 93. Qf3+ Kd2 94. Qe2+ Kc3 95. Be6 Rd3 96. Bd5 Rd4 97. Kc7 Rd3 98. Kd6 Kd4 99. Bb7 Kc3+ 100. Kc5 Rd2 101. Qc4+ Kb2 102. Kb5 Rd4 103. Qe2+ Kc3 104. Bd5 Rb4+ 105. Kc5 Rd4 106. Qa2 Kd3 107. Qb3+ Ke2 108. Qc3 Kf2 109. Kd6 Kg2 110. Qc8 Kf3 111. Ke6 Kg2 112. Kf6 Rd2 113. Kg5 Rf2 114. Be6 Kh2 115. Qc3 Kg2 116. Bg4 Rf1 117. Qc2+ Kg1 118. Be2 Rf2 119. Qd1+ Kg2 120. Kh5 Rf4 121. Qa1 Rf2 122. Bc4 Kh2 123. Kg4 Rf4+ 124. Kg5 Rf2 125. Bf1 Kg1 126. Be2+ Kg2 127. Qd1 Rf4 128. Kh5 Rf6 129. Bg4 Rf4 130. Qe2+ Rf2 131. Bf3+ Kg1 132. Qe1+ Rf1 133. Qe3+ Bf2 134. Qd2 Kh2 135. Qe2 Kg1 136. Qb2 1-0

[Event "III Menorca Open-A 2024"]
[Site "Ciutadella Menorca"]
[Date "2024.04.05"]
[Round "6.2"]
[White "Dardha, Daniel"]
[Black "Alekseenko, Kirill"]
[Result "1-0"]
[ECO "D27"]
[WhiteElo "2628"]
[BlackElo "2650"]
[Annotator "TA"]
[PlyCount "53"]
[EventDate "2024.04.02"]
[EventType "swiss"]
[EventCountry "ESP"]
[SourceTitle "playchess.com"]
[Source "ChessBase"]
[SourceQuality "1"]
[TimeControl "5400+30"]

1. d4 Nf6 2. c4 e6 3. Nf3 d5 4. Nc3 dxc4 5. e3 a6 6. a4 b6 7. Bxc4 Bb7 8. O-O c5 9. Qe2 Qc7 10. Rd1 Nbd7 11. d5 exd5 (11... Nxd5 {simplifies} 12. Nxd5 exd5 13. Bxd5 Bxd5 14. Rxd5 Be7) 12. Nxd5 (12. Bxd5 {simplifies} Nxd5 13. Nxd5 Bxd5 14. Rxd5 Be7 15. b3) 12... Nxd5 (12... Bxd5 $11 {keeps the balance.} 13. Bxd5 Nxd5 14. Rxd5 Be7) 13. e4 $1 $16 {[%emt 0:00:00] White is better.} (13. Bxd5 $6 Bxd5 14. Rxd5 Be7 $11) 13... N5f6 (13... Bd6 $16 {might work better.} 14. exd5+ Kf8) 14. e5 $18 Be7 {[%emt 0:12:21] [#]} (14... Ne4 $142) 15. Bf4 $1 (15. exf6 Nxf6 16. Re1 Bxf3 17. Qxf3 O-O $16) 15... Nd5 (15... Nh5 $2 16. Bxf7+ Kf8 17. Bxh5 $18) 16. Rxd5 O-O 17. e6 (17. Bg3 $142 {e6 would now be deadly.} Bxd5 18. Bxd5) 17... Qxf4 18. Rxd7 Bxf3 19. exf7+ (19. gxf3 Bd6 20. exf7+ (20. Rxf7 $2 Qxh2+ 21. Kf1 Qh1#) 20... Kh8 $15) (19. Qxf3 Qxc4 20. Rxe7 fxe6 $11) 19... Kh8 20. Qxf3 ({Weaker is} 20. gxf3 Bd6 21. Kf1 (21. Bxa6 $2 {gets mated.} Qxh2+ 22. Kf1 Qh1#) 21... Qxh2 $15) ({Worse is} 20. Qxe7 Bxg2 21. Kxg2 Qg4+ 22. Kf1 (22. Kh1 Qf3+ 23. Kg1 Qg4+ 24. Kh1 Qf3+ 25. Kg1 Qg4+ 26. Kf1 Qxc4+ 27. Qe2 Qxe2+ 28. Kxe2 g6 $15) 22... Qxc4+ 23. Kg2 Qg4+ 24. Kh1 Qf3+ 25. Kg1 Qg4+ 26. Kf1 Qc4+ 27. Kg1 Qg4+ 28. Kf1 Qc4+ $11) 20... Qxf3 21. gxf3 Bf6 22. Re1 b5 23. axb5 axb5 24. Bxb5 Bxb2 $2 (24... Rab8 {is tougher.} 25. Bc4 Bxb2) 25. Bc6 {[%emt 0:00:00] White is clearly winning.} Ra1 {[%emt 0:06:51] [#]} 26. Rxa1 Bxa1 {[%emt 0:00:03] [#]} 27. Rd8 $3 {[%emt 0:00:00][%mdl 512] Black got outplayed after the opening.   Weighted Error Value: White=0.11 (very precise) /Black=0.73.  Mistake:       	White=1     	Black=4      Inaccurate:     	---       	Black=1      OK:         	White=4     	Black=5      Best:        	White=3     	Black=2      Strong:       	White=2     	---} 1-0

[Event "III Menorca Open-A 2024"]
[Site "Ciutadella Menorca"]
[Date "2024.04.05"]
[Round "6.3"]
[White "Warmerdam, Max"]
[Black "Klimkowski, Jan"]
[Result "1/2-1/2"]
[ECO "A28"]
[WhiteElo "2628"]
[BlackElo "2505"]
[Annotator "TA"]
[PlyCount "42"]
[EventDate "2024.04.02"]
[EventType "swiss"]
[EventCountry "ESP"]
[SourceTitle "playchess.com"]
[Source "ChessBase"]
[SourceQuality "1"]
[TimeControl "5400+30"]

1. c4 Nf6 2. Nc3 e5 3. Nf3 Nc6 4. d3 d5 5. cxd5 Nxd5 6. e4 Nb6 7. Be2 Be7 8. Be3 Be6 {[%emt 0:02:12] The position is equal.} 9. O-O O-O 10. Rc1 Qd7 11. Re1 Rfd8 12. Bf1 Rac8 13. a3 Bg4 14. h3 Bxf3 15. Qxf3 Nd4 16. Qg4 (16. Qd1 $11) 16... Qxg4 $15 17. hxg4 c6 18. Red1 Nb3 {[%emt 0:05:29] A dynamic duo of knights.} 19. Rc2 Nd4 20. Rcc1 Nb3 21. Rc2 Nd4 {[%emt 0:04:31] Weighted Error Value: White=0.07 (flawless) /Black=0.08 (flawless) .  Mistake:       	White=1     	---        Inaccurate:     	---       	Black=1      OK:         	White=9     	Black=7} 1/2-1/2

[Event "III Menorca Open-A 2024"]
[Site "Ciutadella Menorca"]
[Date "2024.04.05"]
[Round "6.4"]
[White "Erigaisi Arjun"]
[Black "Raja Rithvik R"]
[Result "1-0"]
[ECO "C54"]
[WhiteElo "2748"]
[BlackElo "2532"]
[Annotator "TA"]
[PlyCount "95"]
[EventDate "2024.04.02"]
[EventType "swiss"]
[EventCountry "ESP"]
[SourceTitle "playchess.com"]
[Source "ChessBase"]
[SourceQuality "1"]
[TimeControl "5400+30"]

1. e4 e5 2. Nf3 Nc6 3. Bc4 Bc5 4. c3 Nf6 5. d3 O-O 6. O-O h6 7. b4 Be7 {[%emt 0:00:04] C54: Giuoco Piano: 4 c3 Nf6, main lines with 5 d4 and 5 d3.} 8. Re1 a6 9. a4 d5 10. exd5 Nxd5 11. Nbd2 $146 ({Predecessor:} 11. Nxe5 Nxe5 12. Rxe5 c6 13. Re1 Be6 14. a5 Bf6 15. Qb3 Re8 16. Bd2 Bg5 17. Qc2 {1-0 Squires,M (2109)-Sallwey,R (1883) VW-Cup4 Gr09 email 2011}) 11... Bf5 12. Nxe5 Nxe5 (12... Nxc3 13. Qb3 Nxe5 (13... Bxb4 $2 14. Bxf7+ Kh7 15. Nxc6 $18) 14. Rxe5 $16) 13. Rxe5 Be6 (13... Nxc3 14. Qc2) 14. Ne4 c6 15. a5 (15. Bd2 {with more complications.} Qc7 16. Rxe6 fxe6 17. Qg4) 15... Qd7 16. Qe1 ({White should play} 16. Bxd5 $1 $14 Bxd5 17. Be3) 16... Rae8 17. Nc5 Bxc5 18. bxc5 Bf5 (18... Nc7 $11 {keeps the balance.} 19. Bxe6 Qxd3) 19. Bd2 $16 Rxe5 20. Qxe5 Re8 21. Qg3 Re6 22. f3 Re2 23. Rd1 Qe7 24. d4 (24. Bxh6 $6 Bg6 25. Bxd5 cxd5 $11) 24... Re6 25. h4 Qd8 26. Re1 Kh7 27. Ra1 Qe8 28. Qf2 h5 29. Re1 Qd8 (29... f6 $16 30. Rxe6 Qxe6) 30. Rxe6 $18 fxe6 31. Bf1 $1 Ne7 32. Bg5 Qc7 33. Qb2 Ng6 34. Qb6 Qd7 35. Qa7 (35. Qd8 $18 Qxd8 36. Bxd8) 35... e5 {[%emt 0:00:55] [#]} (35... Qc8 $16 {was called for.} 36. Qb6 Qb8) 36. Qb8 $1 $18 exd4 (36... Qf7 {is a better defense.} 37. Kh2 (37. dxe5 Qd5 $18) 37... exd4) 37. Bc4 $18 Ne7 {[%emt 0:01:55] [#]} 38. Qe5 $2 (38. Bxe7 $1 $18 {is the precise move to win. White threatens Bg8+ and mate.} Qxe7 39. Bg8+ (39. cxd4 $2 {too greedy.} Qe1+ 40. Bf1 Bd3 $19) 39... Kh6 40. Qf4+ (40. cxd4 Qe1+ 41. Kh2 Qxh4+ 42. Kg1 Qxd4+ 43. Kh1 Qxc5 $17) 40... g5 41. Qxf5 Qe1+ 42. Kh2 Qxh4+ 43. Qh3 Qf4+ (43... Qxh3+ $2 44. Kxh3 d3 45. Kg3 $18) 44. Qg3 dxc3 45. Bb3) 38... Ng6 39. Qxd4 Qc7 40. Kf2 ({Don't do} 40. Qd8 Qxd8 41. Bxd8 Nf4 $16) 40... Qxa5 $2 (40... Qb8 41. Qd6 Qxd6 42. cxd6 Ne5) 41. g4 $18 hxg4 42. fxg4 Bb1 43. h5 Nf8 44. Be7 Qc7 45. Bxf8 Qh2+ 46. Ke1 Qh4+ 47. Kd1 Qh1+ 48. Kd2 1-0

[Event "III Menorca Open-A 2024"]
[Site "Ciutadella Menorca"]
[Date "2024.04.05"]
[Round "6.5"]
[White "Fedoseev, Vladimir"]
[Black "Sosa, Tomas"]
[Result "1-0"]
[ECO "C45"]
[WhiteElo "2690"]
[BlackElo "2562"]
[Annotator "TA"]
[PlyCount "77"]
[EventDate "2024.04.02"]
[EventType "swiss"]
[EventCountry "ESP"]
[SourceTitle "playchess.com"]
[Source "ChessBase"]
[SourceQuality "1"]
[TimeControl "5400+30"]

1. e4 e5 2. Nf3 Nc6 3. d4 exd4 4. Nxd4 Bc5 5. Nb3 Bb6 6. Qe2 d6 7. Nc3 Nf6 8. Bg5 h6 9. Bh4 g5 {[%emt 0:05:23] The position is equal.} 10. Bg3 Qe7 11. O-O-O Be6 12. Qd3 Ne5 13. Qd2 O-O-O 14. f3 Kb8 15. Kb1 Ng6 16. Re1 (16. Bd3 {is interesting.} d5 17. exd5 Nxd5 18. Bxg6 fxg6 19. Nxd5 Rxd5 20. Qc3) 16... Nh5 17. Bf2 Qf6 18. Bxb6 axb6 19. a4 Qf4 20. Qf2 Qe5 21. Bb5 Nf6 (21... Bxb3 $5 22. cxb3 Nhf4 $11) 22. g3 Bxb3 23. cxb3 d5 24. Rhf1 (24. exd5 $142 Qf5+ 25. Qc2 Qxc2+ 26. Kxc2) 24... dxe4 (24... d4 $11 25. Ne2 c6) 25. fxe4 $14 Rd6 26. Bc4 Rhd8 27. Qf3 {[%emt 0:07:32][%cal Oc3b5] Threatens to win with Nb5!} Nd7 28. Bxf7 Ne7 29. Bc4 Nc5 30. Nd5 {[%emt 0:00:49] Strongly threatening Nxe7.} c6 (30... Nc6 $11) 31. Qc3 Ng6 {[%emt 0:00:05] [#]} ({Better is} 31... Re6) 32. Rf5 $1 $36 {[%emt 0:00:40][%mdl 2048] Black is under strong pressure.} Qe8 (32... Nxe4 $16 33. Rxe5 Nxc3+ 34. Nxc3 Nxe5 35. Rxe5 Rf6) 33. Nxb6 $18 Nxe4 34. Qc1 (34. Qe3 $18) 34... Ka7 $2 {[%emt 0:00:43][%mdl 8192] Black cannot hold the game after this.} (34... Rd4 $16) 35. Bf7 {[%emt 0:00:35] White is clearly winning.} ({Not} 35. Nc8+ Rxc8 36. Bf7 (36. Qe3+ $2 Kb8 $19) 36... Qd7 37. Qe3+ c5 38. Qxe4 Ne7 $16) 35... Qe7 36. Nc4 Rd2 37. Nxd2 Rxd2 38. Bxg6 Qb4 {[%emt 0:00:14] Inhibits Ra5+.} 39. Rf3 {[%emt 0:01:18] Weighted Error Value: White=0.15 (very precise) /Black=0.47.  Loses game:     	---       	Black=1      Mistake:       	White=2     	Black=4      Inaccurate:     	White=4     	Black=4      OK:         	White=10    	Black=9      Best:        	White=2     	Black=1} 1-0

[Event "III Menorca Open-A 2024"]
[Site "Ciutadella Menorca"]
[Date "2024.04.05"]
[Round "6.6"]
[White "Van Foreest, Jorden"]
[Black "Pranav Anand"]
[Result "0-1"]
[ECO "D35"]
[WhiteElo "2672"]
[BlackElo "2519"]
[Annotator "TA"]
[PlyCount "136"]
[EventDate "2024.04.02"]
[EventType "swiss"]
[EventCountry "ESP"]
[SourceTitle "playchess.com"]
[Source "ChessBase"]
[SourceQuality "1"]
[TimeControl "5400+30"]

1. c4 e6 2. Nc3 d5 3. d4 Nf6 4. cxd5 exd5 5. Bg5 c6 6. e3 h6 7. Bh4 Be7 8. Bd3 O-O 9. Nge2 Re8 10. f3 c5 11. O-O Nc6 12. Bf2 a6 13. Rc1 cxd4 14. exd4 Bd7 15. Qd2 Na5 16. Bb1 Nc4 17. Qc2 g6 18. b3 Na3 19. Qd2 Nxb1 20. Nxb1 Kh7 21. Nf4 a5 22. Nd3 a4 23. Nc3 axb3 24. axb3 Rc8 25. Rfe1 Bf5 26. Ne5 Be6 27. Na4 Rxc1 28. Rxc1 Nd7 29. Nd3 Bf5 30. Nf4 Bg5 31. Nc3 Nb6 32. h4 Bxh4 33. Bxh4 Qxh4 34. Ncxd5 Nxd5 35. Nxd5 Rd8 36. Nf4 $1 Qf6 37. Ne2 Be6 38. Qe3 Rd7 39. Rc5 Qh4 40. Rc1 (40. g3 {simplifies} Qd8 41. Nf4 Rxd4 42. Nxe6 fxe6 43. Qc3) 40... Re7 41. b4 Bc4 42. Qf4 Qxf4 43. Nxf4 b5 44. Rd1 $1 Kg7 45. Kf2 (45. d5 $11) 45... Kf6 $1 $15 46. Ra1 (46. Nd3 $15) 46... Kf5 $19 47. Kg3 h5 48. Nh3 Rd7 49. Rd1 g5 50. Nf2 h4+ 51. Kh2 Kf4 52. Ng4 ({Better is} 52. Nh3+ $15 Ke3 (52... Kf5 53. Rd2 $17) 53. Nxg5) 52... Rd6 $1 $19 53. Kg1 (53. Nf2 {might work better.}) 53... f5 $19 54. Ne5 Ke3 55. d5 Be2 (55... Bxd5 56. Nf7 Rd7 (56... Bxf7 57. Rxd6 Bc4 58. Kh2 $18) 57. Nxg5 $11) 56. Nf7 {[%emt 0:01:02] [#]} Rd7 $1 (56... Rf6 $2 57. d6 Rxf7 (57... Bxd1 $2 58. d7 $18) 58. d7 $18) 57. Ne5 Rd8 (57... Bxd1 $142 58. Nxd7 Kd4) 58. Nc6 $19 {[%emt 0:00:46] [#]} Rd6 (58... Ra8 $1 $19 59. Rb1 Ra2) 59. Ne7 $17 Bd3 (59... Bxd1 60. Nxf5+ Kf4 61. Nxd6 $16) 60. Re1+ Kd4 61. Kf2 ({White should play} 61. Rc1 $1 $15) 61... Kc3 $2 (61... g4 $19 {White must now prevent ...g3+.} 62. Re6 g3+ 63. Kg1 Rxe6 64. dxe6 f4 65. Nc6+ Kd5) 62. Rc1+ $1 $11 Kxb4 (62... Kd2 $5 63. Rc6 $8 Rd7 $11) 63. Ke3 Bc4 64. Kd4 g4 65. Rb1+ Ka3 66. Ke5 Rd7 67. Ke6 (67. d6 $15) 67... Rd8 $17 68. Kxf5 $2 (68. Ke5 $17) 68... Bd3+ ({Inferior is} 68... Bxd5 69. Kxg4 (69. Rxb5 gxf3 70. gxf3 Bxf3 $15) 69... b4 70. Nxd5 Rxd5 71. Kxh4 $11) 0-1

[Event "III Menorca Open-A 2024"]
[Site "Ciutadella Menorca"]
[Date "2024.04.05"]
[Round "6.7"]
[White "Aravindh, Chithambaram VR."]
[Black "Balakrishnan, Praveen"]
[Result "1/2-1/2"]
[ECO "D02"]
[WhiteElo "2662"]
[BlackElo "2500"]
[Annotator "RC"]
[PlyCount "163"]
[EventDate "2024.04.02"]
[EventType "swiss"]
[EventCountry "ESP"]
[SourceTitle "playchess.com"]
[Source "ChessBase"]
[SourceQuality "1"]
[TimeControl "5400+30"]

1. Nf3 Nf6 2. d4 d5 3. Bf4 c5 4. e3 Nc6 5. Nbd2 Bg4 6. c3 e6 7. Qb3 Qc8 8. Nh4 Bh5 9. h3 Be7 10. g4 Bg6 11. Nxg6 hxg6 12. Be2 Qd7 13. dxc5 Bxc5 14. O-O-O Na5 15. Qc2 Bd6 16. Bxd6 Qxd6 17. Kb1 O-O-O 18. g5 Ng8 19. c4 Nc6 20. cxd5 exd5 21. Ne4 Qc7 22. Nc5 Nge7 23. Qb3 Qb6 24. Bg4+ Kc7 25. Qc2 Qb4 26. f3 Kb8 27. Rd3 Na5 28. Rhd1 Ka8 29. a3 Qb5 30. f4 Nc4 31. Nb3 f5 32. gxf6 gxf6 33. Nd4 Qa5 34. Rb3 f5 35. Be2 Rc8 36. Bxc4 dxc4 37. Rb5 Qa6 38. Rc1 Rhd8 39. Re5 Nc6 40. Rc5 Nxd4 41. exd4 Rxc5 42. dxc5 Rd3 43. Re1 Rd8 44. Rc1 Qb5 45. Qxc4 Qxc4 46. Rxc4 Rd3 47. Rc3 Rd4 48. Rf3 Rc4 49. Rg3 Rxf4 50. Rxg6 Kb8 51. Ka2 Rf3 52. Rh6 Kc7 53. b4 a6 54. Kb2 Rg3 55. a4 f4 56. h4 f3 57. Rf6 Rh3 58. b5 axb5 59. axb5 Rxh4 60. Kc3 Ra4 61. Kb3 Rh4 62. Rf7+ Kc8 63. Rxf3 Kc7 64. Rf7+ Kc8 65. Kc3 Rg4 66. Re7 Rh4 67. Kd3 Rb4 68. b6 Rh4 69. Re4 Rh1 70. Kc4 Rc1+ 71. Kb5 Rb1+ 72. Rb4 Rh1 73. Rg4 Rb1+ 74. Kc4 Rc1+ 75. Kd5 Rd1+ 76. Ke5 Re1+ 77. Kd4 Rd1+ 78. Ke4 Re1+ 79. Kd3 Rd1+ 80. Ke3 Re1+ 81. Kd2 Re5 82. Rg8+ 1/2-1/2